 Dungeon Crawl Stone Soup version 0.30-a0-159-g068b764562 (webtiles) character file.

Game seed: 482169575594322896

107 ytrimaz the Stinger (level 4, 0/28 HPs)
             Began as an Octopode Transmuter on Sept 27, 2022.
             Engulfed by a cloud of flame (28 damage)
             ... on level 2 of the Dungeon.
             The game lasted 00:03:09 (2700 turns).

ytrimaz the Stinger (Octopode Transmuter)           Turns: 2700, Time: 00:03:10

Health: 0/28       AC:  1    Str:  9    XL:     4   Next: 85%
Magic:  7/7        EV: 13    Int: 17    God:
Gold:   150        SH:  0    Dex: 12    Spells: 1/7 levels left

rFire   . . .      SeeInvis .      - Unarmed
rCold   + . .      Faith    .    (no shield)
rNeg    . . .      Spirit   .    (helmet restricted)
rPois   .          Reflect  .    (no amulet)
rElec   .          Harm     .    g - ring of protection from cold
rCorr   .          Rampage  .    (no ring)
Will    .....                    (no ring)
Stlth   ++........               (no ring)
HPRegen 0.09/turn                (no ring)
MPRegen 0.10/turn                (no ring)
                                 (no ring)
                                 (no ring)

@: no status effects
A: almost no armour, amphibious, 8 rings, camouflage 1, gelatinous body 1,
(nimble swimmer 1), tentacles
a: no special abilities


You were on level 2 of the Dungeon.
You visited 1 branch of the dungeon, and saw 2 of its levels.

You collected 150 gold pieces.


Innate Abilities, Weirdness & Mutations

You cannot wear most types of armour.
You are amphibious.
You can wear up to eight rings at the same time.
Your skin changes colour to match your surroundings (Stealth+).
Your rubbery body absorbs attacks. (AC +1, EV +1)
((You are camouflaged when in or above water. (Stealth+)))
You have tentacles for arms and can constrict up to eight enemies at once.


   Skills:
 - Level 1.0 Fighting
 - Level 2.0 Dodging
 - Level 3.0 Unarmed Combat
 - Level 2.0 Spellcasting
 - Level 2.0 Transmutations
 + Level 2.5 Ice Magic
 - Level 4.0 Poison Magic


You had one spell level left.
You knew the following spells:

 Your Spells              Type           Power      Damage    Failure   Level
a - Beastly Appendage     Tmut           16%        N/A       9%          1
b - Wereblood             Tmut           8%         N/A       13%         2
c - Spider Form           Tmut/Pois      11%        N/A       17%         3

Your spell library contained the following spells:

 Spells                   Type           Power      Damage    Failure   Level
 Frozen Ramparts          Ice            20%        1d4       21%         3
 Ice Form                 Ice/Tmut       9%         N/A       58%         4
 Summon Mana Viper        Hex/Summ       1%         N/A       99%         5
 Monstrous Menagerie      Summ           0%         N/A       100%        7

Inventory:

Jewellery
 g - a ring of protection from cold (left tentacle)
   (You found it on level 1 of the Dungeon)
 m - an amulet of faith
   (You found it on level 2 of the Dungeon)
Scrolls
 c - a scroll of blinking
 e - 7 scrolls of teleportation
 f - a scroll of amnesia
 j - a scroll of magic mapping {unknown}
 l - a scroll of silence {unknown}
Potions
 a - a potion of lignification
 d - 2 potions of curing {unknown}
 h - a potion of brilliance {unknown}
 i - a potion of might {unknown}

Dungeon Overview and Level Annotations

Branches:
Dungeon (2/15) Zot: 9306

Altars:

Shops:
D:1

: #.#### #.....#
#....# #...####
...#.# #○§§# ####.#
#§§§# ###### #§§§#
.....#####...######
####..§...[...○☼§.##
###...§°☼..[$.°○§..#
.##...§.§.$.$.○§@..#
..#..#####...#####.#
#....# #°.§# #.#
##.#.# #§☼°# #.#
#...# #°☼○# #.#
##..# #...# ###.#
##.######..###...#
#.............###
##.#######..####


There were no monsters in sight!


Message History

As you read the scroll labelled COPHUA QAMYW, it crumbles to dust.
You hear the tinkle of a tiny bell.
It was a scroll of butterflies.
Unknown command.
The air fills with toxic fumes!
As you read the scroll labelled MOCU DUODAOBE, it crumbles to dust.
It was a scroll of poison.
Your butterfly is engulfed in blazing flames.
Your butterfly dies!
Your butterfly disappears in a burst of colours!
Your butterfly is engulfed in blazing flames.
Your butterfly dies!
Your butterfly disappears in a burst of colours!
Your butterfly is engulfed in blazing flames.
Your butterfly dies!
Your butterfly disappears in a burst of colours!
Your butterfly is engulfed in blazing flames.
Your butterfly dies!
Your butterfly disappears in a burst of colours!
Your butterfly is engulfed in blazing flames.
Your butterfly dies!
Your butterfly disappears in a burst of colours!
Your butterfly is engulfed in blazing flames.
Your butterfly dies!
Your butterfly disappears in a burst of colours!
Your butterfly is engulfed in blazing flames.
Your butterfly dies!
Your butterfly disappears in a burst of colours!
Your butterfly is engulfed in blazing flames.
Your butterfly dies!
Your butterfly disappears in a burst of colours!
Your butterfly is engulfed in poison gas.
Your butterfly is poisoned.
You kill your butterfly!
Your butterfly disappears in a burst of colours!
Your butterfly is engulfed in blazing flames.
Your butterfly dies!
Your butterfly disappears in a burst of colours!
Your butterfly is engulfed in poison gas.
Your butterfly is poisoned.
You kill your butterfly!
Your butterfly disappears in a burst of colours!
Your butterfly is engulfed in blazing flames.
Your butterfly dies!
Your butterfly disappears in a burst of colours!
Unknown command.
Your butterfly is engulfed in blazing flames.
Your butterfly dies!
Your butterfly disappears in a burst of colours!
Your butterfly is engulfed in blazing flames.
Your butterfly dies!
Your butterfly disappears in a burst of colours!
Your butterfly is engulfed in blazing flames.
Your butterfly dies!
Your butterfly disappears in a burst of colours!
Unknown command.
You start waiting.
Your butterfly is engulfed in blazing flames.
Your butterfly dies!
Your butterfly disappears in a burst of colours!
Your butterfly is engulfed in blazing flames.
Your butterfly dies!
Your butterfly disappears in a burst of colours!
You start waiting.
Your butterfly is engulfed in blazing flames.
Your butterfly dies!
Your butterfly disappears in a burst of colours!
Unknown command.
You start waiting.
Your butterfly is engulfed in blazing flames.
Your butterfly dies!
Your butterfly disappears in a burst of colours!
Your butterfly is engulfed in blazing flames.
Your butterfly dies!
Your butterfly disappears in a burst of colours!
You start waiting.
Your butterfly is engulfed in blazing flames.
Your butterfly dies!
Your butterfly disappears in a burst of colours!
Unknown command.
You start waiting.
Done waiting.
Really wriggle into a travel-excluded area?
You are engulfed in blazing flames.
Ouch! That really hurt!
* * * LOW HITPOINT WARNING * * *
😨 HP[-19]
You take 19 damage, and now have 9/28 hp.
MASSIVE DAMAGE!! (PAUSE)
You start resting.
You start resting. 😎 HP[+19]
Your hp is fully restored (28).
Unknown command.
You start waiting.
Done waiting.
Really wriggle into a travel-excluded area?
Unknown command.
You are engulfed in blazing flames.
Ouch! That really hurt!
You die...

Skill      XL: |  1  2  3  4 |
---------------+-------------+-----
Poison Magic   | 2 3 4 |  4.0
Ice Magic      | 1 2 |  2.5
Fighting       | |  1.0
Dodging        | |  2.0
Unarmed Combat | |  3.0
Spellcasting   | |  2.0
Transmutations | |  2.0

Action                   |  1- 3 |  4- 6 || total
-------------------------+-------+-------++-------
Melee: Unarmed           |    72 |    25 ||    97
       Kick              |    14 |     3 ||    17
       Constrict         |    16 |     7 ||    23
       Tentacles         |    11 |     2 ||    13
       Punch             |     2 |     1 ||     3
 Cast: Beastly Appendage |    15 |     4 ||    19
  Use: Scroll            |     4 |     2 ||     6
       Potion            |       |     1 ||     1
 Stab: Sleeping          |     4 |     2 ||     6
Armor: Skin              |     6 |     8 ||    14
Dodge: Dodged            |    43 |    13 ||    56

Levels and vault maps discovered:
D:1:      minmay_arrival_checkered_box, layout_loops_ring,
          hellmonk_ecumenical_altar_arch_garden, serial_shops, shop,
          minmay_tetromino_l2
D:2:      layout_rooms, lemuel_flame_loot_1, uniq_terence

Notes
Turn   | Place    | Note
-------+----------+-------------------------------------------
     0 | D:1      | ytrimaz the Octopode Transmuter began the quest for the
                  | Orb.
     0 | D:1      | Reached XP level 1. HP: 13/13 MP: 3/3
     0 | D:1      | magus.rc [v1.9.6]
     7 | D:1      | Found Conih's Book Shop.
    18 | D:1      | Reached skill level 1 in Poison Magic
   108 | D:1      | Reached skill level 1 in Ice Magic
   108 | D:1      | Reached skill level 2 in Poison Magic
   108 | D:1      | Reached XP level 2. HP: 18/18 MP: 3/5
   152 | D:1      | HP: 3/18 [frozen (5)]
   154 | D:1      | HP: 1/18 [endoplasm (2)]
   599 | D:1      | Reached XP level 3. HP: 23/23 MP: 4/6
   607 | D:1      | Learned a level 2 spell: Wereblood
   611 | D:1      | Learned a level 3 spell: Spider Form
   639 | D:1      | Found a faded altar of an unknown god.
  1098 | D:1      | Reached skill level 3 in Poison Magic
  1477 | D:2      | Reached XP level 4. HP: 17/28 MP: 7/7
  1676 | D:2      | You add the spells Frozen Ramparts, Summon Mana Viper and
                  | Monstrous Menagerie to your library.
  1676 | D:2      | Got the Atlas of Rime and Leadership
  1730 | D:2      | Noticed Terence
  1745 | D:2      | Killed Terence
  1746 | D:2      | Reached skill level 2 in Ice Magic
  2013 | D:2      | Reached skill level 4 in Poison Magic
  2700 | D:2      | Engulfed by a cloud of flame

Vanquished Creatures
  Terence (D:2)
  A gnoll (D:1)
  3 adders (D:2)
  A dart slug (D:1)
  4 endoplasms (D:1)
  2 giant cockroaches
  7 goblins
  3 jackals (D:1)
  2 quokkas
  3 ball pythons
  5 bats
  2 frilled lizards
  6 kobolds
  3 rats
43 creatures vanquished.

Table legend:
 A = Non-vault XP
 B = Vault XP
 C = Vault XP percentage of total XP
 D = Non-vault monster count
 E = Vault monster count
 F = Vault count percentage of total count
                 A         B        C        D         E       F
            +---------+---------+-------+---------+---------+-------
      Total |     117 |      36 |  23.5 |      40 |       3 |   7.0
            +---------+---------+-------+---------+---------+-------
        D:1 |      63 |       4 |   6.0 |      28 |       2 |   6.7
        D:2 |      54 |      32 |  37.2 |      12 |       1 |   7.7
            +---------+---------+-------+---------+---------+-------

Illustrated notes

Table legend:
 A = Kills in this place as a percentage of kills in entire the game.
 B = Kills by you in this place as a percentage of kills by you in the entire game.
 C = Kills by friends in this place as a percentage of kills by friends in the entire game.
 D = Other kills in this place as a percentage of other kills in the entire game.
 E = Experience gained in this place as a percentage of experience gained in the entire game.
 F = Experience gained in this place divided by the number of levels of this place that you have seen.
                   A       B       C       D       E      F
               +-------+-------+-------+-------+-------+----------------------
         Total | 100.0 | 100.0 |   N/A |   N/A | 100.0 |  76.5
       Dungeon | 100.0 | 100.0 |   N/A |   N/A | 100.0 |  76.5
               +-------+-------+-------+-------+-------+----------------------

Table legend: (Time is in decaauts)
 A = Elapsed time spent in this place.
 B = Non-inter-level travel time spent in this place.
 C = Inter-level travel time spent in this place.
 D = Time resting spent in this place.
 E = Time spent auto-exploring this place.
 F = Levels seen in this place.
 G = Mean time per level.
                   A        B        C        D        E       F      G
               +--------+--------+--------+--------+--------+-----+--------+
         Total |   2693 |   2677 |     16 |    406 |   1939 |   2 | 1346.5 |
       Dungeon |   2693 |   2677 |     16 |    406 |   1939 |   2 | 1346.5 |
               +--------+--------+--------+--------+--------+-----+--------+

Top non-repeatable levels by time:
     D:1: 1357 daAuts
     D:2: 1336 daAuts
